 Dungeon Crawl Stone Soup version 0.22-a0-351-g29664b4 (webtiles) character file.

401 iamserjio the Sneak (level 6, -14/45 HPs)
             Began as an Octopode Fighter on Apr 13, 2018.
             Demolished by an ogre
             ... wielding a +0 giant spiked club
              (20 damage)
             ... on level 4 of the Dungeon.
             The game lasted 00:09:19 (3593 turns).

iamserjio the Sneak (Octopode Fighter)              Turns: 3593, Time: 00:09:19

Health: -14/45     AC:  1    Str: 16    XL:     6   Next: 85%
Magic:  6/6        EV: 13    Int: 10    God:
Gold:   123        SH:  9    Dex: 13    Spells: 5/5 levels left

rFire    + . .     SeeInvis .   a - +0 war axe
rCold    x . .     Gourm    .   b - +0 shield
rNeg     . . .     Faith    .   (helmet restricted)
rPois    +         Spirit   .   (no amulet)
rElec    .         Reflect  .   k - ring of flight
rCorr    .         Harm     .   l - ring of fire
MR       .....                  y - +1 ring of evasion
Stlth    ++++......             x - ring of poison resistance
HPRegen  0.15/turn              (no ring)
MPRegen  0.10/turn              (no ring)
                                (no ring)
                                (no ring)

@: no status effects
A: almost no armour, stealthy swim, amphibious, 8 rings, constrict 8, camouflage
1, gelatinous body 1
a: Evoke Flight


You were on level 4 of the Dungeon.
You were near starving.

You visited 1 branch of the dungeon, and saw 4 of its levels.

You collected 123 gold pieces.

Inventory:

Hand Weapons
 a - a +0 war axe (weapon)
 g - a +1 short sword of venom
 B - a +0 morningstar
Missiles
 p - 105 stones (quivered)
Armour
 b - a +0 shield (worn)
Jewellery
 k - a ring of flight (left tentacle)
 l - a ring of fire (right tentacle)
 x - a ring of poison resistance (on tentacle)
 y - a +1 ring of evasion (on tentacle)
Scrolls
 e - a scroll of enchant weapon {unknown}
 f - a scroll of teleportation {unknown}
 i - 2 scrolls of enchant armour {unknown}
 m - 3 scrolls of identify {unknown}
 o - 5 scrolls of amnesia {unknown}
 r - a scroll of random uselessness {unknown}
 v - a scroll of magic mapping {unknown}
Potions
 c - a potion of might
 h - a potion of curing {unknown}
 j - a potion of magic {unknown}
 n - a potion of heal wounds {unknown}
 q - a potion of haste {unknown}
 s - a potion of brilliance {unknown}
 t - a potion of mutation {unknown}
 u - a potion of lignification {unknown}
 w - a potion of ambrosia {unknown}
 z - a potion of agility {unknown}
 A - 2 potions of cancellation {unknown}
Comestibles
 d - 5 rations


   Skills:
 * Level 5.0 Fighting
 - Level 2.0 Axes
 + Level 4.0 Dodging
 * Level 5.5 Stealth
 - Level 4.0 Shields


You had 5 spell levels left.
You didn't know any spells.

Dungeon Overview and Level Annotations

Branches:
Dungeon (4/15)
 Temple: D:4-7

Altars:
Ashenzari
Gozag


Innate Abilities, Weirdness & Mutations

You cannot wear most types of armour.
You are very stealthy in the water. (Stealth+)
You are amphibious.
You can wear up to eight rings at the same time.
You can use your tentacles to constrict eight enemies at once.
Your skin changes colour to match your surroundings (Stealth+).
Your rubbery body absorbs attacks. (AC +1, EV +1)


Message History

You barely miss the ogre. You block the ogre's attack.
You barely miss the ogre.
You are near starving!
The ogre closely misses you.
Your shield prevents you from hitting the ogre.
You squeeze the ogre!
The ogre is heavily wounded.
You block the ogre's attack.
You slash the ogre!
The ogre is severely wounded.
The ogre hits you with a giant spiked club!
You hit the ogre. Your squeeze misses the ogre.
The ogre is almost dead.
The ogre hits you with a giant spiked club!!
Ouch! That really hurt!
* * * LOW HITPOINT WARNING * * *
You hit the ogre. Your squeeze misses the ogre.
The ogre is almost dead.
The ogre hits you with a giant spiked club!!
You die...

#..# #..#........# #.# #[#
#..####...###.....# #.# #.#
..................####.# #.#
#.............<........# #.#
##.#.......##.....####.#### #.#
................).........###.#
##.........##.................#
g.<.###..........>............#
##..# ##.......#@)###..##.##.##
#..............O..# #..........
##................#
#.###.##.### #..........#####.#
#.# #.##.# ###.#####...# #.#
#.# #.##.# ..#.# #.# #.. ......
..#.## #.# ### ###.## ...... .#
....##


You could see an ogre.

Vanquished Creatures
  An ogre (D:4)
  An orc priest (D:3)
  A centaur skeleton (D:4)
  Jessica (D:3)
  Natasha (D:4)
  4 gnolls (D:4)
  6 adders
  2 worms (D:2)
  4 dart slugs
  A leopard gecko (D:3)
  3 orcs
  9 bats
  15 giant cockroaches
  7 goblins
  9 hobgoblins
  10 jackals
  A quokka (D:2)
  5 frilled lizards
  12 kobolds
  4 rats
97 creatures vanquished.

Notes
Turn   | Place    | Note
-------+----------+-------------------------------------------
     0 | D:1      | iamserjio the Octopode Fighter began the quest for the Orb.
     0 | D:1      | Reached XP level 1. HP: 16/16 MP: 1/1
   148 | D:1      | Reached skill level 1 in Stealth
   148 | D:1      | Reached XP level 2. HP: 21/21 MP: 2/2
   331 | D:1      | Reached XP level 3. HP: 26/26 MP: 3/3
  1250 | D:2      | Reached XP level 4. HP: 27/33 MP: 4/4
  1423 | D:2      | Found an opulent altar of Gozag.
  1464 | D:2      | Found a shattered altar of Ashenzari.
  1899 | D:3      | Reached XP level 5. HP: 35/37 MP: 5/5
  2270 | D:3      | Noticed Jessica
  2278 | D:3      | Killed Jessica
  2731 | D:4      | Reached XP level 6. HP: 44/44 MP: 6/6
  2964 | D:4      | Noticed Natasha
  2975 | D:4      | Killed Natasha
  3079 | D:4      | Reached skill level 5 in Stealth
  3338 | D:4      | Reached skill level 5 in Fighting
  3593 | D:4      | Demolished by an ogre

Vault maps used:
D:1:      elethiomel_arrival_maze
D:2:      nicolae_ashenzari_panopticon,
          nicolae_gozag_cash_rules_everything_around_me, first_ration,
          kennysheep_generic_room_14
D:3:      minmay_roachtagon, hangedman_glass_teeth, grunt_ministairs_5,
          uniq_jessica
D:4:      corexii_hall_statues_x, uniq_natasha, uniq_menkaure, uniq_robin

Skill      XL: |  1  2  3  4  5  6 |
---------------+-------------------+-----
Stealth        | 1 2 3 4 5 |  5.5
Fighting       | 4 5 |  5.0
Shields        | 4 |  4.0
Dodging        | 4 |  4.0
Axes           | |  2.0

Action                   |  1- 3 |  4- 6 || total
-------------------------+-------+-------++-------
Melee: War axe           |    56 |   106 ||   162
       Constrict         |    18 |    33 ||    51
       Tentacles         |    11 |    25 ||    36
 Stab: Sleeping          |     8 |     9 ||    17
  Eat: Chunk             |     1 |     6 ||     7
Armor: Skin              |     4 |     5 ||     9
Dodge: Dodged            |    20 |    57 ||    77
Block: Shield            |    23 |    62 ||    85

Table legend:
 A = Spawn XP
 B = Non-spawn XP
 C = Spawn XP percentage of total XP
 D = Spawn monster count
 E = Non-spawn monster count
 F = Spawn count percentage of total count
 G = Total turns spent on level
                    A         B        C        D         E        F      G
               +---------+---------+-------+---------+---------+-------+---------
         Total |       0 |     574 |   0.0 |       0 |      97 |   0.0 |  3593
               +---------+---------+-------+---------+---------+-------+---------
           D:1 |       0 |      54 |   0.0 |       0 |      28 |   0.0 |  1046
           D:2 |       0 |      98 |   0.0 |       0 |      25 |   0.0 |   840
           D:3 |       0 |     160 |   0.0 |       0 |      32 |   0.0 |   991
           D:4 |       0 |     262 |   0.0 |       0 |      12 |   0.0 |   716
               +---------+---------+-------+---------+---------+-------+---------
